 Dungeon Crawl Stone Soup version 0.30-b1-2-g02819fbbbe (webtiles) character file.

Game seed: 8163776531326944439

21 Metae the Covered (level 2, -3/27 HPs)
             Began as a Minotaur Fighter on June 20, 2023.
             Slain by a gnoll
             ... wielding a +0 halberd
              (9 damage)
             ... on level 2 of the Dungeon.
             The game lasted 00:02:10 (1177 turns).

Metae the Covered (Minotaur Fighter)                Turns: 1177, Time: 00:02:11

Health: -3/27      AC:  9    Str: 20    XL:     2   Next: 62%
Magic:  1/1        EV:  7    Int:  5    God:
Gold:   94         SH:  4    Dex:  9    Spells: 1/1 levels left

rFire   . . .        a - +0 flail
rCold   . . .        c - +0 buckler
rNeg    . . .        m - +0 chain mail
rPois   .            (helmet restricted)
rElec   .            (no cloak)
rCorr   .            (no gloves)
SInv    .            (no boots)
Will    .....        (no amulet) Stlth
                     (no ring)
HPRegen 0.24/turn    (no ring)
MPRegen 0.07/turn

%: no passive effects
@: no status effects
A: horns 2, retaliatory headbutt
a: no special abilities


You were on level 2 of the Dungeon.
You visited 1 branch of the dungeon, and saw 2 of its levels.

You collected 94 gold pieces.

Inventory:

Hand Weapons
 a - a +0 flail (weapon)
Missiles
 e - 3 poisoned darts (quivered)
 g - 4 stones
Armour
 b - a +0 scale mail
 c - a +0 buckler (worn)
 h - a scarf of harm
 m - a +0 chain mail (worn)
Scrolls
 f - 2 scrolls of amnesia {unknown}
 j - a scroll of fog {unknown}
 o - a scroll of brand weapon {unknown}
Potions
 d - a potion of might
 i - a potion of berserk rage {unknown}
 k - a potion of resistance {unknown}
 l - a potion of brilliance {unknown}
 n - a potion of mutation {unknown}


   Skills:
 + Level 3.9 Fighting
 + Level 2.9 Maces & Flails
 + Level 4.0 Armour
 + Level 4.0 Shields


You had one spell level left.
You didn't know any spells.
Your spell library contained the following spells:

 Spells                   Type           Power      Damage    Failure   Level
 Cigotuvi's Dreadful Rot  Necr/Pois/Air  0%         N/A       100%        2
 Ignite Poison            Fire/Tmut/Pois 0%         N/A       100%        3
 Freezing Cloud           Conj/Ice/Air   0%         6-21      100%        5


Dungeon Overview and Level Annotations

Branches:
Dungeon (2/15)

Altars:


Innate Abilities, Weirdness & Mutations

You have a pair of horns on your head.
You reflexively headbutt those who attack you in melee.


Message History

m - a +0 chain mail You start removing your armour.
You continue taking off your +0 scale mail. x4
You finish taking off your +0 scale mail.
You start putting on your armour.
You continue putting on your +0 chain mail. x5
You finish putting on your +0 chain mail.
A goblin comes into view. It is wielding a +0 dagger.
The goblin shouts!
You see here a fizzy silvery potion.
The goblin barely misses you. You furiously retaliate!
You headbutt the goblin.
You kill the goblin!
Your Shields skill increases to level 4!
You see here a +0 dagger.
n - a fizzy silvery potion
Found a scroll labelled MAUHAL ENYL.
Found a stone staircase leading down.
You now have 94 gold pieces (gained 15).
Found a scroll labelled RUEM PUDOSIX.
o - a scroll labelled MAUHAL ENYL A gnoll comes into view.
It is wielding a +0 halberd.
You see here a scroll labelled RUEM PUDOSIX. 2 gnolls come into view.
The gnoll shouts! x2
The gnoll hits you with a +0 halberd!
You barely miss the gnoll. The gnoll barely misses you.
You closely miss the gnoll. The gnoll hits you with a +0 halberd.
You are too injured to fight recklessly!
You are too injured to fight recklessly!
You are too injured to fight recklessly!
The gnoll barely misses you.
The gnoll hits you from afar with a +0 halberd.
You block the gnoll's attack.
The gnoll hits you from afar with a +0 halberd.
* * * LOW HITPOINT WARNING * * *
You sock the gnoll! Your headbutt misses the gnoll.
The gnoll is heavily wounded.
The gnoll hits you with a +0 spear.
* * * LOW HITPOINT WARNING * * *
The gnoll hits you from afar with a +0 halberd!
You die...

..#...##.#####.#.##.###.# ####
......................... ...##
......##................. ...
............g..#.##.###.########.
.....................##..........
.......?.....g..g................
.............#.#g##..##...#.####.
##.#.......###.#g##..............
...............#@##.........####.
##.##.##.###...#.#...............
#......(......#.#...............
#.##.##.##....#..)........####..
#. #.##....#.#...#..#### . #.
#...............#####.
#....#.#...#..........
......................
....#.#...#....#####.


You could see 3 gnolls.

Vanquished Creatures
  A ball python (D:1)
  An endoplasm (D:2)
  A giant cockroach (D:1)
  2 goblins (D:2)
  3 hobgoblins (D:1)
  2 kobolds (D:1)
  3 bats (D:1)
  5 frilled lizards (D:1)
  2 rats (D:1)
20 creatures vanquished.

Notes
Turn   | Place    | Note
-------+----------+-------------------------------------------
     0 | D:1      | Metae the Minotaur Fighter began the quest for the Orb.
     0 | D:1      | Reached XP level 1. HP: 19/19 MP: 0/0
   285 | D:1      | Reached XP level 2. HP: 26/27 MP: 1/1
  1177 | D:2      | Slain by a gnoll

Illustrated notes

Levels and vault maps discovered:
D:1:      kennysheep_arrival_forest, layout_basic,
          chequers_serial_rivers_small_a, minmay_misc_feat_chi
D:2:      layout_basic, basic_altar

Skill      XL: |  1  2 |
---------------+-------+-----
Armour         | 4 |  4.0
Shields        | 4 |  4.0
Fighting       | |  3.9
Maces & Flails | |  2.9

Action                     || total
---------------------------++-------
  Melee: Flail             ||    39
         Headbutt          ||     5
 Armour: Scale mail        ||    11
  Dodge: Dodged            ||    32
  Block: Buckler           ||    12
